 Dungeon Crawl Stone Soup version 0.26.1-16-g4e020e15dc (webtiles) character file.

Game seed: 3847004485317202312

198 Froggeryz the Cutter (level 5, -16/55 HPs)
             Began as an Octopode Berserker on Jan 24, 2023.
             Was a Believer of Trog.
             Demolished by an ogre
             ... wielding a +0 giant club
              (25 damage)
             ... on level 4 of the Dungeon.
             The game lasted 00:02:01 (2814 turns).

Froggeryz the Cutter (Octopode Berserker)           Turns: 2814, Time: 00:02:01

Health: -16/55     AC:  1    Str: 17    XL:     5   Next: 76%
Magic:  0/5        EV: 14    Int:  9    God:    Trog [**....]
Gold:   176        SH:  0    Dex: 12    Spells: 4/4 levels left

rFire    . . .     SeeInvis .   a - +0 short sword
rCold    . . .     Faith    .   (no shield)
rNeg     . . .     Spirit   +   (helmet restricted)
rPois    .         Reflect  .   o - amulet of guardian spirit
rElec    .         Harm     .   (no ring)
rCorr    .         Rampage  .   (no ring)
Will     ++...                  (no ring)
Stlth    ..........             (no ring)
HPRegen  1.18/turn              (no ring)
MPRegen  0.09/turn              (no ring)
                                (no ring)
                                (no ring)

@: berserking, lethally poisoned (-16 -> -16), regenerating, very quick
A: almost no armour, stealthy swim, amphibious, 8 rings, constrict 8, camouflage
1, gelatinous body 1
a: Renounce Religion, Berserk, Trog's Hand


You were on level 4 of the Dungeon.
You worshipped Trog.
Trog was pleased with you.
You visited 1 branch of the dungeon, and saw 4 of its levels.

You collected 176 gold pieces.

Inventory:

Hand Weapons
 a - a +0 short sword (weapon)
Jewellery
 o - an amulet of guardian spirit (around mantle)
 s - an uncursed amulet of regeneration {unknown}
Wands
 r - a wand of iceblast (5)
Scrolls
 b - 2 scrolls of identify {unknown}
 e - 2 scrolls of enchant armour {unknown}
 g - 2 scrolls of teleportation {unknown}
 h - a scroll of blinking {unknown}
 i - a scroll of amnesia {unknown}
 l - a scroll of fog {unknown}
 m - a scroll of fear {unknown}
Potions
 c - a potion of curing {unknown}
 d - a potion of invisibility {unknown}
 f - a potion of brilliance {unknown}
 j - a potion of resistance {unknown}
 k - a potion of degeneration {unknown}
 n - 2 potions of cancellation {unknown}
 p - a potion of ambrosia {unknown}
 q - a potion of mutation {unknown}


   Skills:
 + Level 3.9 Fighting
 * Level 4.5 Short Blades
 + Level 3.7 Dodging
 + Level 3.2 Stealth


You had 4 spell levels left.
You didn't know any spells.
Your spell library contained the following spells:

 Spells                   Type           Power        Failure   Level
 Magic Dart               Conj           0%           38%         1
 Searing Ray              Conj           0%           52%         2
 Dazzling Flash           Conj/Hex       0%           77%         3
 Fulminant Prism          Conj/Hex       0%           99%         4
 Iskenderun's Mystic Bla  Conj/Tloc      0%           99%         4


Dungeon Overview and Level Annotations

Branches:
Dungeon (4/15)
 Temple: D:4-7

Altars:
Yredelemnul


Innate Abilities, Weirdness & Mutations

You cannot wear most types of armour.
You are very stealthy in the water. (Stealth+)
You are amphibious.
You can wear up to eight rings at the same time.
You can use your tentacles to constrict eight enemies at once.
Your skin changes colour to match your surroundings (Stealth+).
Your rubbery body absorbs attacks. (AC +1, EV +1)


Message History

You hit the centaur. Your squeeze misses the centaur.
The centaur is lightly wounded.
The centaur hits you!
You are too injured to fight recklessly!
You are too injured to fight recklessly!
You are too injured to fight recklessly!
You are too injured to fight recklessly!
Okay, then.
Your skin crawls.
You feel strong-willed. The centaur closely misses you. The centaur hits you.
* * * LOW HITPOINT WARNING * * *
A red film seems to cover your vision as you go berserk!
You feel yourself moving faster!
You feel mighty! The centaur hits you.
* * * LOW HITPOINT WARNING * * *
You puncture the centaur!
The centaur is heavily wounded.
You feel sick. The centaur misses you.
The ogre hits you with a +0 giant club!!
You die...

...........[#.#
.........[......
.............#..
...............
...............
...........#?.#
....$.c....#..#
...>.$O@†..#..#
.........((#..#
.#########.#..#
#....# ##...#
######...#
........>.#
#########'##
#...<...#


You could see an ogre and a centaur.

Vanquished Creatures
  A hound (D:3)
  An orc wizard (D:3)
  3 gnolls (D:2)
  4 adders
  2 oozes (D:2)
  4 worms
  A dart slug (D:3)
  A leopard gecko (D:2)
  3 orcs (D:3)
  9 bats
  4 giant cockroaches
  3 goblins
  7 hobgoblins
  2 ball pythons
  A frilled lizard (D:1)
  7 kobolds
  5 rats
58 creatures vanquished.

Notes
Turn   | Place    | Note
-------+----------+-------------------------------------------
     0 | D:1      | Froggeryz the Octopode Berserker began the quest for the
                  | Orb.
     0 | D:1      | Reached XP level 1. HP: 16/16 MP: 1/1
   496 | D:1      | Reached XP level 2. HP: 18/21 MP: 2/2
   498 | D:1      | Reached skill level 1 in Stealth
  1115 | D:2      | Reached XP level 3. HP: 26/26 MP: 3/3
  1267 | D:2      | Reached ** piety under Trog
  1347 | D:2      | Reached XP level 4. HP: 21/31 MP: 4/4
  1845 | D:2      | Reached skill level 4 in Short Blades
  1855 | D:2      | Found a basalt altar of Yredelemnul.
  2153 | D:3      | Reached XP level 5. HP: 37/37 MP: 5/5
  2803 | D:4      | Noticed a centaur
  2808 | D:4      | Noticed an ogre
  2814 | D:4      | Demolished by an ogre

Illustrated notes

Levels and vault maps discovered:
D:1:      wander_arrival_lonely_grave, layout_loops_ring, minmay_misc_feat_room
D:2:      layout_loops_ring, marbit_many_paths, minmay_misc_feat_hallway,
          minivault_25
D:3:      layout_loops_cross
D:4:      layout_basic, minmay_temple_entry_sparse_star, minmay_strange_pillars,
          hex_large, led_sif_pool

Skill      XL: |  1  2  3  4  5 |
---------------+----------------+-----
Stealth        | 1 2 3 |  3.2
Short Blades   | 4 |  4.5
Fighting       | |  3.9
Dodging        | |  3.7

Action                   |  1- 3 |  4- 6 || total
-------------------------+-------+-------++-------
Melee: Short sword       |    55 |    53 ||   108
       Tentacles         |     9 |     9 ||    18
       Constrict         |    16 |    14 ||    30
Invok: Berserk           |     1 |     2 ||     3
       Trog's Hand       |       |     2 ||     2
 Stab: Sleeping          |     9 |     8 ||    17
Armor: Skin              |     1 |     2 ||     3
Dodge: Dodged            |    20 |    23 ||    43
